← All builds
Tech / Armada / Economy first / OBSERVED BUILD

Standard tech

Armada Tech (Eco) build order · Supreme Isthmus

Rushes T2 by 4:15, gets Advanced Metal Extractor around 5:28, hands off T2 constructors to Geo and the team, then scales eco and supplies the team's T2 needs through the rest of the game.

Usually first T2 con to Geo (83%)

#eco #t2 #team support · 1579 distinct matches · 255 players · 58% of Armada Tech games · team won 53% of 1874 · Recently observed

HOW TO PLAY IT

Key timing: T2 factory by 4:15

  1. Open 3 mex and heavy wind to fund a fast T2 rush.
  2. Put down Bot Lab, planning to eat it for reclaim soon after.
  3. Get Advanced Bot Lab up, hitting the T2 factory rush timing.
  4. Upgrade mex to Advanced Metal Extractor to lock in team metal income.
  5. Eat Advanced Bot Lab and keep sending cons to Geo and Pond.

Phase by phase

TYPICAL OF ITS 1579 GAMES
  1. 1
  2. 2
  3. 3
  4. 4
PLAY THE OPENING

Follow the example game's first 6:00 step by step: what to build now, what comes next, and where it goes. At 1× it keeps pace with your own game.

  1. 1

    Up to the Bot Lab

    Economy
    • Metal Extractor3Mex
    • Wind Turbine4Wind
    Order
    1. Bot LabBot Lab after 3 mex, 4 winddone ~1:18, middle half 1:13–1:32

    Some games also: energy storage (31%)

    By 1:01 in all: 3 mex · 4 wind

    The example game in this phase · 3 steps
    1. Mex ×3
    2. Wind ×4
    3. Bot LabBot Labdone 1:16 · typical 1:18
  2. 2

    Bot Lab to Advanced Bot Lab

    Economy
    • Metal Extractor1Mex
    • Wind Turbine8Wind
    • Energy Storage1Energy storage
    Order
    1. Advanced Bot LabAdvanced Bot Lab after 4 mex, 12 wind, 3 con turretdone ~4:16, middle half 4:04–4:30
    Builders
    • Construction Turret3 Con turret
    • Lazarus3 Lazarus
    • Construction Bot2 Con bot
    • Construction Bot1 Con bot for allies

    Some games also: converter (36%)

    By 3:18 in all: 4 mex · 12 wind · 1 energy storage · 3 con turret

    The example game in this phase · 15 steps
    1. LazarusLazarus
    2. Construction BotCon bot
    3. Construction BotCon botfor Air
    4. Construction BotCon bot
    5. Mex
    6. LazarusLazarus
    7. Wind
    8. Con turret
    9. Wind ×8
    10. Con turret
    11. Energy storage ×2
    12. Wind
    13. Con turret
    14. Wind ×4
    15. Advanced Bot LabAdvanced Bot Labdone 5:00 · typical 4:16
  3. 3

    Advanced Bot Lab to 5:00

    Economy
    • Wind Turbine3Wind
    Order
    1. Bot LabEat Bot Lab
    Builders
    • Advanced Construction Bot1 T2 con bot for allies

    Some games also: converter (35%)

    By 5:00 in all: 4 mex · 15 wind · 1 converter · 1 energy storage · 3 con turret

    The example game in this phase · 3 steps
    1. Wind ×5
    2. Bot LabEat Bot Labreclaimed for its metal
    3. Wind ×3
  4. 4

    5:00 to 10:00

    Economy
    • Wind Turbine43Wind
    • Energy Converter6Converter
    Builders
    • Butler9 Butler
    • Advanced Construction Bot4 T2 con bot for allies
    • Advanced Construction Bot1 T2 con bot

    Some games also: con turret (43%) · Butler for allies (36%)

    By 10:00 in all: 4 mex · 58 wind · 8 converter · 1 energy storage · 3 con turret

    The example game in this phase · 170 steps
    1. Advanced Construction BotT2 con bot ×2for Geo
    2. Wind
    3. Advanced Metal ExtractorT2 mexdone 6:13 · typical 5:29
    4. Wind
    5. FatboyFatboyfor Ponddone 7:00
    6. Advanced Construction BotT2 con botfor Geo sea
    7. Advanced Metal ExtractorT2 mex ×3
    8. Con turret ×2
    9. ButlerButler ×2for Geo sea
    10. ButlerButler
    11. Advanced Construction BotT2 con botfor Suicide front
    12. Wind ×4
    13. Advanced Construction BotT2 con botfor unknown
    14. Wind ×5
    15. Advanced Construction BotT2 con botfor Pond
    16. Wind ×8
    17. Advanced Construction BotT2 con bot
    18. Wind ×7
    19. Metal storage
    20. Con turret
    21. Wind
    22. Con turret
    23. Wind
    24. ButlerButler
    25. Wind
    26. ButlerButler
    27. Wind
    28. ButlerButler ×2
    29. Wind
    30. ButlerButler ×2
    31. Wind ×2
    32. ButlerButler
    33. Wind ×2
    34. ButlerButler
    35. Wind
    36. ButlerButler
    37. Wind ×3
    38. ButlerButler
    39. Wind
    40. Vehicle PlantVehicle Plantdone 11:57
    41. ButlerButler
    42. Wind ×7
    43. StoutStout
    44. Wind
    45. SharpshooterSniper botdone 12:19
    46. Wind ×3
    47. Vehicle PlantEat Vehicle Plantreclaimed for its metal
    48. Wind ×5
    49. Converter
    50. Wind ×7
    51. SharpshooterSniper bot
    52. Converter
    53. Wind ×6
    54. Converter
    55. Wind ×6
    56. Bot LabBot Labdone 13:29
    57. Wind
    58. Converter
    59. Wind ×8
    60. Converter
    61. Wind ×7
    62. Converter
    63. Wind
    64. Bot LabBot Labdone 13:30
    65. Wind ×6
    66. Converter
    67. Advanced Bot LabEat Advanced Bot Labreclaimed for its metal
    68. Wind ×6
    69. PawnPawn ×2
    70. Wind ×2
    71. TickTick
    72. Wind ×2
    73. Converter
    74. TickTick ×3
    75. PawnPawn
    76. Wind
    77. PawnPawn
    78. Wind ×2
    79. TickTick
    80. Wind
    81. TickTick
    82. Wind
    83. TickTick ×2
    84. Wind
    85. PawnPawn ×2
    86. TickTick
    87. Wind ×2
    88. Converter
    89. TickTick
    90. Wind
    91. TickTick
    92. Wind
    93. TickTick
    94. PawnPawn ×2
    95. Wind
    96. TickTick
    97. Wind ×2
    98. TickTick ×3
    99. PawnPawn
    100. Wind ×2
    101. PawnPawn
    102. Wind
    103. Converter
    104. TickTick ×3
    105. Wind ×2
    106. TickTick
    107. PawnPawn
    108. Wind
    109. PawnPawn
    110. TickTick
    111. Wind
    112. TickTick ×3
    113. Wind
    114. PawnPawn ×2
    115. Converter
    116. Wind ×2
    117. TickTick ×4
    118. PawnPawn
    119. Wind ×2
    120. PawnPawn
    121. Wind
    122. TickTick ×4
    123. Wind ×2
    124. PawnPawn
    125. Converter
    126. PawnPawn
    127. Wind
    128. Con turret
    129. TickTick
    130. Wind ×2
    131. TickTick
    132. Con turret
    133. Wind ×3
    134. TickTick ×2
    135. Con turret
    136. Converter
    137. PawnPawn ×2
    138. Wind ×3
    139. TickTick ×3
    140. Wind ×2
    141. TickTick
    142. PawnPawn ×2
    143. Wind
    144. TickTick
    145. Converter
    146. Wind ×2
    147. TickTick ×3
    148. Wind
    149. PawnPawn
    150. Wind
    151. PawnPawn
    152. Wind
    153. TickTick
    154. Converter
    155. Wind ×2
    156. TickTick ×2
    157. Wind
    158. PawnPawn
    159. TickTick
    160. Wind ×2
    161. PawnPawn
    162. TickTick
    163. Wind ×2
    164. TickTick
    165. Wind
    166. Bot LabEat Bot Labreclaimed for its metal
    167. TickTick
    168. Converter
    169. Bot LabEat Bot Labreclaimed for its metal
    170. Wind ×2

Counts are medians over the build's games: half of them build more, half fewer. The example game is dzikiTygrys12's (33 OS, 04/10/2026); pick another.

Team trades

IN AT LEAST 30% OF ITS GAMES

You hand over

  • Construction Bot1 Con bot to Airfirst at 2:23 · in 84% of games
  • Advanced Construction Bot5 T2 con bot to Air or Geo sea or Pondfirst at 4:50 · in 99% of games
  • Butler2 Butler to Geo sea or Beach sea or Pondfirst at 9:07 · in 42% of games

You get

  • Hercules1 Light transport from Airfirst at 4:01 · in 86% of games

How it plays out

Typical game of this build, running totals by minute

Metal produced

020k40k
0:005:0010:0015:00

metal

Enemy metal destroyed

050100
0:005:0010:0015:00

metal

Own metal lost

050100150
0:005:0010:0015:00

metal

1874 games.

Show as table
ByMetal produced: This buildEnemy metal destroyed: This buildOwn metal lost: This build
1:0038300
2:0091500
3:00165100
4:00314400
5:00484700
6:00580000
7:00722700
8:00906100
9:001117300
10:001350300
11:001624200
12:001965600
13:002344500
14:0027362073
15:003154285130
WHAT THE NUMBERS SAY

Standard Tech play barely fights at all early, instead pouring metal into T2 infrastructure and constructors for the team.

  • + Metal produced hits 31679 by 15:00, by far the highest of any role here.
  • + T2 factory reached in 97% of games by 4:15, fastest and most reliable T2 timing.
  • − Enemy metal destroyed stays at 0 through 10:00, no early offense at all.
  • − Own metal lost also near 0, showing total avoidance of combat risk.
THE EXAMPLE YOU ARE READING

dzikiTygrys12

33.1 OS · 04/10/2026

Open source match ↗

1 received units
2299 metal received · 34303 energy received

Allied construction assistance is unknown. Timings are observations, not a promise of solo reproducibility.

Typical milestones

Bot Lab1:18Middle 50%: 1:13–1:32 · n=1874
Advanced Bot Lab4:16Middle 50%: 4:04–4:30 · n=1867
Advanced Metal Extractor5:29Middle 50%: 5:05–5:59 · n=1870

Played most by

Amrissa93games of this buildTheGeneraI66games of this buildAdeus57games of this buildEl_Turco56games of this buildKOT_43games of this build